 Dungeon Crawl Stone Soup version 0.21.1-1-g345015f (webtiles) character file.

121 Iko the Ruffian (level 4, -5/41 HPs)
             Began as a Troll Transmuter on June 3, 2018.
             Was an Initiate of Cheibriados.
             Slain by an iguana (11 damage)
             ... on level 6 of the Dungeon.
             The game lasted 00:07:07 (586 turns).

Iko the Ruffian (Troll Transmuter)                   Turns: 586, Time: 00:07:08

Health: -5/41      AC:  5    Str: 19    XL:     4   Next: 76%
Magic:  0/5        EV:  7    Int: 11    God:    Cheibriados [......]
Gold:   52         SH:  7    Dex: 11    Spells: 2/6 levels left

rFire    . . .     SeeInvis .   e - +0 spear
rCold    . . .     Gourm    +   h - +0 shield
rNeg     . . .     Faith    .   b - +0 robe
rPois    .         Spirit   .   (helmet restricted)
rElec    .         Reflect  .   (no cloak)
rCorr    .         Harm     .   (gloves unavailable)
MR       .....                  (boots unavailable)
Stlth    +.........             (no amulet)
HPRegen  0.53/turn              (no ring)
MPRegen  0.09/turn              (no ring)

@: very slightly contaminated, very slow
A: large, unfitting armour, claws 3, fast metabolism 3, gourmand, regeneration
1, shaggy fur 1, tough skin 2
a: Bend Time, Renounce Religion


You were on level 6 of the Dungeon.
You worshipped Cheibriados.
Cheibriados was noncommittal.
You were hungry.

You visited 1 branch of the dungeon, and saw 6 of its levels.

You collected 52 gold pieces.

Inventory:

Hand Weapons
 e - a +0 spear (weapon)
Missiles
 a - 62 arrows
Armour
 b - a +0 robe (worn)
 h - a +0 shield (worn)
Scrolls
 i - a scroll of identify
Potions
 g - a potion of agility
Books
 c - a book of Changes

   Spells                             Type                      Level
   a - Beastly Appendage              Transmutation                1
   b - Sticks to Snakes               Transmutation                2
   c - Spider Form                    Transmutation/Poison         3
   d - Ice Form                       Ice/Transmutation            4
   e - Blade Hands                    Transmutation                5
 f - a book of Misfortune

   Spells                             Type                      Level
   a - Confusing Touch                Hexes                        1
   b - Confuse                        Hexes                        3
   c - Gell's Gravitas                Translocation                3
   d - Petrify                        Transmutation/Earth          4
   e - Metabolic Englaciation         Hexes/Ice                    5
   f - Yara's Violent Unravelling     Hexes/Transmutation          5
Comestibles
 d - 2 rations


   Skills:
 + Level 1.2 Fighting
 + Level 1.3 Polearms
 + Level 2.5 Dodging
 + Level 3.4 Unarmed Combat
 + Level 1.5 Spellcasting
 + Level 1.9 Transmutations


You had 2 spell levels left.
You knew the following spells:

 Your Spells              Type           Power        Failure   Level  Hunger
a - Beastly Appendage     Tmut           #.....       67%         1    ##.....
b - Sticks to Snakes      Tmut           #.......     82%         2    ###....
c - Confusing Touch       Hex            #.....       91%         1    ##.....


Dungeon Overview and Level Annotations

Branches:
Dungeon (6/15)
 Temple: D:4-7

Altars:
Cheibriados

Portals:
Ossuary: D:5


Innate Abilities, Weirdness & Mutations

You are too large for most types of armour.
You have claws for hands.
Your metabolism is lightning-fast.
You like to eat raw meat.
Your natural rate of healing is unusually fast.
You are covered in fur. (AC +1)
You have very tough skin. (AC +2)


Message History

The iguana barely misses you.
You hit the iguana.
The iguana is moderately wounded.
You block the quokka's attack. The iguana barely misses you.
You hit the iguana.
The iguana is heavily wounded.
The quokka bites you but does no damage.
The iguana bites you!
The crimson imp blinks!
The quokka bites you but does no damage.
You hit the iguana.
The iguana is severely wounded.
The quokka bites you.
The crimson imp blinks!
The iguana bites you!
* * * LOW HITPOINT WARNING * * *
The quokka bites you but does no damage.
Casting: Sticks to Snakes
Confirm with . or Enter, or press ? or * to list all spells.
You miscast Sticks to Snakes.
You experience a momentary feeling of inescapable doom!
You block the quokka's attack. The iguana bites you!
You die...

.. . #. #..
#.##
#...########
#...a.......
###l# #).@#
#...rr5....ยง.
#....5.......
#............
#............
#.$..........
##....##....#
...... ....#


You could see an iguana, a worker ant, 2 crimson imps and 2 quokkas.

Vanquished Creatures
  2 crimson imps (D:5)
  A gnoll (D:1)
  An adder (D:2)
  A worm (D:3)
  3 dart slugs
  4 giant cockroaches
  4 jackals (D:2)
  3 kobolds
19 creatures vanquished.

Vanquished Creatures (collateral kills)
  A worker ant (D:4)
1 creature vanquished.

Grand Total: 20 creatures vanquished

Notes
Turn   | Place    | Note
-------+----------+-------------------------------------------
     0 | D:1      | Iko the Troll Transmuter began the quest for the Orb.
     0 | D:1      | Reached XP level 1. HP: 18/18 MP: 1/1
    99 | D:1      | Reached XP level 2. HP: 16/26 MP: 0/3
   230 | D:2      | Learned a level 2 spell: Sticks to Snakes
   270 | D:2      | Reached XP level 3. HP: 12/32 MP: 4/4
   304 | D:2      | Found a snail-covered altar of Cheibriados.
   318 | D:2      | Became a worshipper of Cheibriados the Contemplative
   445 | D:3      | Reached skill level 1 in Fighting
   496 | D:5      | Entered Level 5 of the Dungeon
   502 | D:5      | Found a sand-covered staircase.
   507 | D:5      | Found the +3 salamander hide armour {+Rage rF++}
   517 | D:5      | Reached skill level 1 in Polearms
   517 | D:5      | Reached XP level 4. HP: 36/41 MP: 2/5
   548 | D:5      | Learned a level 1 spell: Confusing Touch
   586 | D:6      | Slain by an iguana

Skill      XL: |  1  2  3 |
---------------+----------+-----
Dodging        | 2 |  2.5
Fighting       | 1 |  1.2
Polearms       | 1 |  1.3
Unarmed Combat | |  3.4
Spellcasting   | |  1.5
Transmutations | |  1.9

Action                   |  1- 3 |  4- 6 || total
-------------------------+-------+-------++-------
Melee: Unarmed           |     2 |       ||     2
       Kick              |     5 |       ||     5
       Spear             |   104 |    16 ||   120
       Headbutt          |     1 |       ||     1
       Punch             |     1 |       ||     1
 Cast: Beastly Appendage |     6 |       ||     6
       Sticks to Snakes  |     4 |       ||     4
  Use: Scroll            |     6 |       ||     6
  Eat: Ration            |     1 |       ||     1
Armor: Robe              |    66 |     7 ||    73
Dodge: Dodged            |    73 |     9 ||    82
Block: Shield            |       |     4 ||     4
